 Dungeon Crawl Stone Soup version 0.22.0-81-g402daae900 (webtiles) character file.

286 Gangrin the Shield-Bearer (level 6, -4/48 HPs)
             Began as a Human Fighter on Sept 17, 2018.
             Was an Initiate of Okawaru.
             Slain by Menkaure (11 damage)
             ... on level 4 of the Dungeon.
             The game lasted 00:24:56 (4443 turns).

Gangrin the Shield-Bearer (Human Fighter)           Turns: 4443, Time: 00:24:56

Health: -4/48      AC: 16    Str: 17    XL:     6   Next: 56%
Magic:  6/6        EV:  6    Int:  8    God:    Okawaru [......]
Gold:   152        SH:  9    Dex: 14    Spells: 5/5 levels left

rFire    . . .     SeeInvis .   a - +0 long sword
rCold    . . .     Gourm    .   c - +0 shield
rNeg     . . .     Faith    .   j - +0 chain mail
rPois    .         Spirit   .   (no helmet)
rElec    .         Reflect  .   (no cloak)
rCorr    .         Harm     .   H - +0 pair of gloves
MR       .....                  (no boots)
Stlth    ..........             k - amulet of magic regeneration
HPRegen  0.16/turn              s - +6 ring of protection
MPRegen  0.35/turn              (no ring)

@: no status effects
A: no striking features
a: Renounce Religion


You were on level 4 of the Dungeon.
You worshipped Okawaru.
Okawaru was noncommittal.
You were not hungry.

You visited 1 branch of the dungeon, and saw 4 of its levels.

You collected 152 gold pieces.

Inventory:

Hand Weapons
 a - a +0 long sword (weapon)
 i - a +0 spear
 l - a +2 dagger of venom
 p - a +0 halberd
 r - a +0 hand axe
 J - a +0 hand axe
 K - a +0 hunting sling
Missiles
 g - 4 needles of sleeping
 q - 69 bolts
 D - 9 javelins (quivered)
 L - 43 stones
Armour
 b - a +0 scale mail
 c - a +0 shield (worn)
 j - a +0 chain mail (worn)
 y - a cursed -2 robe
 H - a +0 pair of gloves (worn)
 I - a +2 hat
 M - a +0 leather armour of poison resistance
Jewellery
 k - an amulet of magic regeneration (around neck)
 s - a +6 ring of protection (left hand)
 F - a +2 ring of dexterity {unknown}
Scrolls
 m - 2 scrolls of enchant weapon {unknown}
 o - a scroll of magic mapping
 t - 6 scrolls of identify
 u - a scroll of immolation {unknown}
 v - 2 scrolls of amnesia {unknown}
 w - 3 scrolls of teleportation {unknown}
 x - 2 scrolls of remove curse {unknown}
 C - a scroll of blinking {unknown}
 E - a scroll of noise {unknown}
Potions
 d - a potion of might
 e - a potion of agility
 n - a potion of mutation {unknown}
 z - 2 potions of heal wounds {unknown}
 A - a potion of invisibility {unknown}
 G - 3 potions of flight {unknown}
 N - a potion of magic {unknown}
Comestibles
 f - 4 rations


   Skills:
 + Level 3.7 Fighting
 + Level 3.9 Long Blades
 + Level 3.8 Armour
 * Level 2.4 Dodging
 + Level 4.0 Shields


You had 5 spell levels left.
You didn't know any spells.
Your spell library was empty.

Dungeon Overview and Level Annotations

Branches:
Dungeon (4/15)
 Temple: D:4-7

Altars:
Dithmenos
Okawaru
Wu Jian
Yredelemnul

Annotations:
D:4 Menkaure


Message History

Menkaure hits you but does no damage.
You feel better. Menkaure hits you but does no damage.
You closely miss Menkaure.
Menkaure is severely damaged.
Menkaure hits you.
* * * LOW HITPOINT WARNING * * *
You block Menkaure's attack.
You hit Menkaure.
Menkaure is almost destroyed.
Menkaure barely misses you. Menkaure hits you!
* * * LOW HITPOINT WARNING * * *
You feel better.
Menkaure calls on the powers of darkness!
Your body is wracked with pain!
* * * LOW HITPOINT WARNING * * *
As you read the scroll labeled MUOWYI ROIGAOM, it crumbles to dust.
It is a scroll of identify.
M - a +0 leather armour of poison resistance Menkaure hits you!
You die...

*,********,,****,* ###.#
*,**...#*#..# *,* #...#####
*,**........####.###.#.....#
*,,<.....#..................
*,,,..........#######..###..
****#....#....##### #.## #..
**#.............###.####..
*≈***#..M.#.#*#.#.....##..
*≈≈#≈#PP.@).# #>#.#.#.##..
**≈≈≈≈≈≈.≈..###.#........÷
*#≈≈≈≈≈≈≈....#.#.#.#.##..
###≈≈≈≈≈≈.....#.....##..
*##≈≈≈≈≈≈.≈..#.#.#####.
**..≈≈≈≈≈≈P≈......# #.
*....≈≈≈≈≈≈≈≈.....# #.
*......≈≈≈P≈.P...## #.
*..#..≈.P≈≈≈.≈≈.#######.


You could see Menkaure.

Vanquished Creatures
  An orc wizard (D:3)
  An orc priest (D:4)
  Natasha (twice) (D:4)
  2 iguanas (D:4)
  A gnoll (D:1)
  3 adders
  2 oozes
  An adder skeleton (D:4)
  A worm (D:3)
  2 leopard geckos (D:1)
  7 orcs
  3 giant cockroaches
  7 goblins
  6 hobgoblins
  2 jackals (D:3)
  3 quokkas
  A ball python skeleton (D:4)
  6 bats
  6 frilled lizards
  8 kobolds (D:1)
  6 rats
71 creatures vanquished.

Notes
Turn   | Place    | Note
-------+----------+-------------------------------------------
     0 | D:1      | Gangrin the Human Fighter began the quest for the Orb.
     0 | D:1      | Reached XP level 1. HP: 18/18 MP: 1/1
   180 | D:1      | Reached XP level 2. HP: 15/24 MP: 2/2
   506 | D:1      | HP: 1/24 [gnoll/halberd (4)]
   507 | D:1      | Reached XP level 3. HP: 1/29 MP: 3/3
  1129 | D:2      | Reached skill level 1 in Dodging
  2042 | D:1      | Reached XP level 4. HP: 33/35 MP: 4/4
  2792 | D:3      | Reached XP level 5. HP: 32/41 MP: 5/5
  3418 | D:4      | Found a basalt altar of Yredelemnul.
  3418 | D:4      | Noticed Natasha
  3423 | D:4      | Killed Natasha
  3434 | D:4      | Found a shadowy altar of Dithmenos.
  3600 | D:4      | Found an iron altar of Okawaru.
  3613 | D:4      | Found an ornate altar of the Wu Jian Council.
  3630 | D:4      | Became a worshipper of Warmaster Okawaru
  3644 | D:4      | Reached XP level 6. HP: 47/47 MP: 6/6
  3891 | D:4      | Noticed Natasha
  3903 | D:4      | Killed Natasha
  4128 | D:4      | Reached skill level 4 in Shields
  4421 | D:4      | Noticed Menkaure
  4443 | D:4      | Slain by Menkaure

Skill      XL: |  1  2  3  4  5  6 |
---------------+-------------------+-----
Dodging        | 1 2 |  2.4
Long Blades    | 3 |  3.9
Shields        | 4 |  4.0
Fighting       | |  3.7
Armour         | |  3.8

Action                   |  1- 3 |  4- 6 || total
-------------------------+-------+-------++-------
Melee: Long sword        |   121 |   191 ||   312
  Use: Potion            |     1 |     3 ||     4
       Scroll            |       |     2 ||     2
  Eat: Chunk             |     2 |     5 ||     7
       Ration            |     1 |     1 ||     2
Armor: Chain mail        |    78 |   138 ||   216
Dodge: Dodged            |    26 |    46 ||    72
Block: Shield            |    70 |   110 ||   180
       Rpst.: Long sword |     7 |    19 ||    26
